[Event "Team 45 45 League T37"]
[Site "Internet Chess Club"]
[Date "2008.04.28"]
[Round "1"]
[White "Avedldesierto"]
[Black "twinders"]
[Result "1-0"]
[WhiteElo "1842"]
[BlackElo "1674"]
[Opening "Sicilian"]
[ECO "B56"]
[Time "14:20:53"]
[TimeControl "2700+45"]

1. e4 c5 2. Nf3 d6 3. d4 cxd4 4. Nxd4 Nf6 5. Nc3 Nc6 6. Be3 Bd7 7. Bb5 a6 8.
Bxc6 bxc6 9. Nb3 c5 10. Qe2 Qb6 11. f3 Bb5 12. Nxb5 Qxb5 13. c4 Qb6 14. e5 Nd7
15. exd6 Qxd6 16. Rd1 Qc7 17. O-O e6 18. g3 Be7 19. Bf4 Qb6 20. Rd3 Rd8 21. Rfd1
Nf6 22. Rxd8+ Bxd8 23. Bd6 Be7 24. Qd2 Bxd6 25. Qxd6 Qxd6 26. Rxd6 Ke7 27. Rxa6
Rd8 28. Kf2 Rd1 29. Rb6 Nd7 30. Rb7 Kd6 31. Ke2 Rh1 32. h4 Rh2+ 33. Ke3 Rxb2 34.
Nxc5 Rxb7 35. Nxb7+ Kc6 36. Nd8+ Kc5 37. Nxf7 Kxc4 38. Ng5 Nf8 39. Ke4 h6 40.
Nf7 Nd7 41. Ne5+ {Black resigns} 1-0

[Event "Team 45 45 League T37"]
[Site "Internet Chess Club"]
[Date "2008.04.28"]
[Round "1"]
[White "GolfSuper"]
[Black "Cotesita"]
[Result "1-0"]
[WhiteElo "1583"]
[BlackElo "1566"]
[Opening "Sicilian: Taimanov variation"]
[ECO "B46"]
[Time "07:12:25"]
[TimeControl "2700+45"]

1. e4 c5 2. Nf3 Nc6 3. d4 cxd4 4. Nxd4 e6 5. Nc3 a6 6. Be3 Be7 7. Qd2 Nf6 8. f3
d5 9. O-O-O O-O 10. g4 dxe4 11. g5 Nd5 12. Nxd5 exd5 13. fxe4 Nxd4 14. Qxd4 Bxg5
15. Bxg5 Qxg5+ 16. Kb1 dxe4 17. Qxe4 Bf5 18. Qxb7 Qf6 19. b3 Rfc8 20. Bd3 Rab8
21. Qd5 Rb5 22. Qf3 Qc3 23. Rhf1 Ra5 24. Bxf5 {Black resigns} 1-0

[Event "Team 45 45 League T37"]
[Site "Internet Chess Club"]
[Date "2008.04.26"]
[Round "1"]
[White "ElMarginal"]
[Black "strudel"]
[Result "1-0"]
[WhiteElo "1500"]
[BlackElo "1426"]
[Opening "Queen's pawn: Torre attack"]
[ECO "A46"]
[Time "19:00:44"]
[TimeControl "2700+45"]

1. d4 Nf6 2. Nf3 e6 3. Bg5 Be7 4. c4 O-O 5. Nc3 d5 6. cxd5 exd5 7. e3 Bf5 8. Be2
Nbd7 9. Qb3 Nb6 10. O-O Ne4 11. Bxe7 Qxe7 12. Nxd5 Nxd5 13. Qxd5 Bc8 14. Ne5 Nd6
15. Qc5 Qd8 16. Rac1 c6 17. Qb4 a5 18. Qb3 Be6 19. Qa3 f6 20. Nc4 Nxc4 21. Bxc4
Bxc4 22. Rxc4 Qb6 23. Rfc1 Kh8 24. b3 Rfd8 25. Qc5 Qxc5 26. Rxc5 a4 27. b4 Kg8
28. a3 Kf7 29. b5 Rac8 30. bxc6 bxc6 31. Rxc6 Rxc6 32. Rxc6 Rb8 33. Rc1 Rb2 34.
Ra1 Ke6 35. g3 Kd5 36. Kg2 Kc4 37. Kf3 Kb3 38. d5 Ra2 39. Rb1+ Kxa3 40. e4 Rb2
41. Ra1+ Kb3 42. Ke3 a3 43. d6 a2 44. d7 Rb1 45. d8=Q Rxa1 46. Qd5+ Kc2 47. Qd3+
Kb2 48. Qd4+ Kb1 49. Kd2 {Black resigns} 1-0

[Event "Team 45 45 League T37"]
[Site "Internet Chess Club"]
[Date "2008.04.28"]
[Round "1"]
[White "N20863"]
[Black "Tomate"]
[Result "0-1"]
[WhiteElo "1281"]
[BlackElo "1474"]
[Opening "King's pawn opening"]
[ECO "B07"]
[Time "19:03:47"]
[TimeControl "2700+45"]

1. e4 d6 2. Nf3 Nf6 3. Nc3 g6 4. Bc4 Bg7 5. d3 O-O 6. O-O Bg4 7. Bd2 Nc6 8. h3
Bxf3 9. Qxf3 Nd4 10. Qd1 c5 11. Ne2 Nc6 12. Ng3 a6 13. a3 b5 14. Ba2 Nd7 15. c3
Nde5 16. Be3 b4 17. f4 Nd7 18. d4 Qb6 19. f5 cxd4 20. cxd4 Bxd4 21. Bxd4 Nxd4
22. fxg6 hxg6 23. Kh1 b3 24. Bb1 Rac8 25. Qg4 Ne5 26. Qd1 Nc2 27. Bxc2 Rxc2 28.
Rb1 Qe3 29. Kh2 Rfc8 30. Re1 Qf2 31. Rf1 Qxg2# {White checkmated} 0-1

[Event "Team 45 45 League T37"]
[Site "Internet Chess Club"]
[Date "2008.04.27"]
[Round "1"]
[White "frontier"]
[Black "Checkmates"]
[Result "1/2-1/2"]
[WhiteElo "2166"]
[BlackElo "2446"]
[Opening "English opening"]
[ECO "A16"]
[Time "14:01:46"]
[TimeControl "2700+45"]

1. c4 Nf6 2. Nc3 g6 3. g3 Bg7 4. Bg2 O-O 5. d3 d6 6. e4 e5 7. Nge2 Nbd7 8. O-O
Re8 9. h3 Nf8 10. Be3 h5 11. Qd2 N8h7 12. f4 Be6 13. Rf2 Qc8 14. Kh2 h4 15. Raf1
Nh5 16. g4 exf4 17. Nxf4 Ng3 18. Re1 Bd7 19. d4 Ng5 20. Qd3 c6 21. Nfe2 Nxe2 22.
Nxe2 Ne6 23. Ref1 {Game drawn by mutual agreement} 1/2-1/2

[Event "Team 45 45 League T37"]
[Site "Internet Chess Club"]
[Date "2008.04.25"]
[Round "1"]
[White "Atwode"]
[Black "jazzyjoe"]
[Result "0-1"]
[WhiteElo "1845"]
[BlackElo "1680"]
[Opening "QGD: Semi-Tarrasch, San Sebastian variation"]
[ECO "D41"]
[Time "10:07:06"]
[TimeControl "2700+45"]

1. Nf3 Nf6 2. c4 e6 3. Nc3 d5 4. d4 c5 5. cxd5 Nxd5 6. e4 Nxc3 7. bxc3 cxd4 8.
cxd4 Bb4+ 9. Bd2 Qa5 10. Rb1 Bxd2+ 11. Qxd2 Qxd2+ 12. Kxd2 O-O 13. Bb5 b6 14.
Rhc1 Ba6 15. Ba4 Rc8 16. Ne5 Kf8 17. Rxc8+ Bxc8 18. Rc1 Na6 19. Bb5 f6 20. Rxc8+
Rxc8 21. Bxa6 Rc7 22. Nf3 Ke7 23. Ne1 Kd6 24. Nd3 g5 25. Bb5 a5 26. Nb2 Rb7 27.
Nc4+ Ke7 28. d5 exd5 29. exd5 h5 30. d6+ Ke6 31. d7 Ke7 32. a4 Rb8 33. Kd3 f5
34. Kd4 f4 35. Kd5 f3 36. gxf3 Rf8 37. Ne5 Rf6 38. Ke4 Rf4+ 39. Ke3 Rf6 40. Ba6
Re6 41. Ke4 Rf6 42. Bc8 Kd8 43. Kd5 Kc7 44. Ke4 Rf4+ 45. Kd5 Rf6 46. f4 gxf4 47.
Ke4 Kd8 48. Nd3 f3 49. Ne5 h4 50. Nxf3 b5 51. axb5 a4 52. Nd4 a3 53. Nb3 a2 54.
f4 Rb6 55. Kd3 Rxb5 56. Na1 Rf5 57. Nb3 Rxf4 58. Nc5 Ke7 59. Nb7 Rf8 {White
resigns} 0-1

[Event "Team 45 45 League T37"]
[Site "Internet Chess Club"]
[Date "2008.04.27"]
[Round "1"]
[White "Lazerpawn"]
[Black "netshooter"]
[Result "0-1"]
[WhiteElo "1662"]
[BlackElo "1839"]
[Opening "KGA: Schallop defense"]
[ECO "C34"]
[Time "13:59:11"]
[TimeControl "2700+45"]

1. e4 e5 2. f4 exf4 3. Nf3 Nf6 4. Nc3 d5 5. e5 Nh5 6. d4 c6 7. Bd3 g5 8. Ne2 Bg7
9. h3 h6 10. c3 Be6 11. Qc2 Nd7 12. Bg6 fxg6 13. Qxg6+ Bf7 14. Qf5 O-O 15. e6
Be8 16. Qd3 Ndf6 17. Bd2 Ne4 18. c4 Qd6 19. Qb3 Nxd2 20. Kxd2 Qxe6 21. Qxb7 Qe3+
22. Kd1 Qd3+ 23. Nd2 Bg6 24. Qb3 Qf5 25. Rf1 Qe6 26. Re1 Rae8 27. cxd5 cxd5 28.
Nf3 Qf5 29. Rc1 Rb8 30. Qa3 Rfc8 31. Kd2 Rc2+ 32. Rxc2 Qxc2# {White checkmated}
0-1

[Event "Team 45 45 League T37"]
[Site "Internet Chess Club"]
[Date "2008.04.26"]
[Round "1"]
[White "Miles295"]
[Black "bbentrup"]
[Result "0-1"]
[WhiteElo "2116"]
[BlackElo "2229"]
[Opening "Robatsch defense"]
[ECO "B06"]
[Time "20:02:32"]
[TimeControl "2700+45"]

1. e4 g6 2. d4 Bg7 3. Nc3 c6 4. Nf3 d5 5. Bf4 dxe4 6. Nxe4 Qa5+ 7. c3 Qf5 8.
Nfg5 Qxf4 9. g3 Qc7 10. Bc4 e6 11. Qf3 Nh6 12. h4 Qe7 13. O-O-O Nd7 14. Qf4 O-O
15. h5 Nb6 16. Bb3 Nd5 17. Qh4 f6 18. hxg6 fxg5 19. gxh7+ Kh8 20. Nxg5 Rxf2 21.
Bxd5 cxd5 22. Qh5 Bd7 23. Rde1 Rf5 {White resigns} 0-1

[Event "Team 45 45 League T37"]
[Site "Internet Chess Club"]
[Date "2008.04.27"]
[Round "1"]
[White "Burning-Bush"]
[Black "Flying-Tiger"]
[Result "1-0"]
[WhiteElo "2135"]
[BlackElo "1952"]
[Opening "King's Indian: Kramer system"]
[ECO "E70"]
[Time "18:09:00"]
[TimeControl "2700+45"]

1. d4 Nf6 2. c4 g6 3. Nc3 Bg7 4. e4 d6 5. Nge2 O-O 6. g3 c5 7. d5 Bg4 8. Bg2
Bxe2 9. Qxe2 Nbd7 10. O-O Qb6 11. Rb1 Rfe8 12. Bf4 Nh5 13. Bd2 Bd4 14. Nb5 Bg7
15. Qe1 a5 16. Bc3 Ne5 17. b3 Nd3 18. Qd2 Bxc3 19. Qxc3 Ne5 20. f4 Nd7 21. e5
Ng7 22. Bh3 Nb8 23. Rbe1 Na6 24. exd6 exd6 25. Bd7 Rxe1 26. Rxe1 Qd8 27. Bh3 Nc7
28. Nxc7 Qxc7 29. f5 Re8 30. f6 Rxe1+ 31. Qxe1 Qd8 32. fxg7 Qf6 33. Qf2 Qc3 34.
Bd7 Kxg7 35. Be8 f6 36. Bd7 f5 37. Kg2 h5 38. h4 Qe5 39. Kh3 b6 40. Qd2 Qa1 41.
Kh2 Qe5 42. Be6 Qa1 43. Qg5 Qxa2+ 44. Kh3 Qa1 45. Qe7+ Kh6 46. Qf8+ Qg7 47. Qxd6
Qa1 48. Qf8+ Qg7 49. Qxg7+ Kxg7 50. Kg2 Kf6 51. Bd7 Ke7 52. Bb5 Kf6 53. Kf3
{Black resigns} 1-0

[Event "Team 45 45 League T37"]
[Site "Internet Chess Club"]
[Date "2008.04.27"]
[Round "1"]
[White "Wheels"]
[Black "ExpertLevel"]
[Result "0-1"]
[WhiteElo "1836"]
[BlackElo "1819"]
[Opening "Sicilian: Grand Prix attack"]
[ECO "B23"]
[Time "20:05:39"]
[TimeControl "2700+45"]

1. e4 c5 2. Nc3 Nc6 3. f4 g6 4. Nf3 Bg7 5. Bb5 Nd4 6. O-O Nxb5 7. Nxb5 a6 8. Nc3
b5 9. d4 cxd4 10. Nxd4 Bb7 11. a3 e6 12. Re1 Ne7 13. Be3 O-O 14. Qe2 d5 15. e5
Rc8 16. Rad1 Nc6 17. Nxc6 Rxc6 18. Rd2 Qc7 19. Qf2 Rc8 20. Bd4 Bf8 21. Ree2 b4
22. axb4 Bxb4 23. Rd1 Rc4 24. Bb6 Qc6 25. Bd4 a5 26. Kh1 a4 27. Re3 a3 28. Re2
axb2 29. Nb1 Rxc2 30. Bxb2 Rxe2 31. Qxe2 Ba6 32. Qf2 Qc2 33. Qxc2 Rxc2 34. Bd4
Be2 35. Rg1 Bd3 36. Ba7 Be4 37. Bd4 Rc4 38. Ba1 d4 39. Rd1 d3 40. h3 Rc2 41. Rg1
d2 42. Nxd2 {White resigns} 0-1

[Event "Team 45 45 League T37"]
[Site "Internet Chess Club"]
[Date "2008.04.26"]
[Round "1"]
[White "BigMike"]
[Black "cgrau"]
[Result "1/2-1/2"]
[WhiteElo "1747"]
[BlackElo "1736"]
[Opening "Scandinavian (center counter) defense"]
[ECO "B01"]
[Time "10:02:51"]
[TimeControl "2700+45"]

1. e4 d5 2. exd5 Qxd5 3. Nc3 Qa5 4. d4 Nf6 5. Bc4 c6 6. Bf4 Bf5 7. Nf3 e6 8. O-O
Bb4 9. Ne2 Nbd7 10. Ng3 Bg6 11. a3 Be7 12. Re1 O-O 13. Qe2 Nd5 14. Bd2 Qb6 15.
Bb3 Qc7 16. c4 N5f6 17. Rad1 Qb6 18. Qe3 Ng4 19. Qc3 Rfe8 20. h3 Ngf6 21. Ne5
Nxe5 22. dxe5 Nd7 23. Bc2 Qc7 24. b4 a5 25. Bxg6 hxg6 26. c5 axb4 27. axb4 b6
28. Be3 bxc5 29. Bxc5 Nb6 30. Bxe7 Rxe7 31. Rd6 Rc8 32. Rc1 Nd5 33. Qc5 Rb8 34.
Rc4 f6 35. exf6 gxf6 36. Rxc6 Qb7 37. b5 Ree8 38. Ne4 Qxb5 39. Qd4 Qb1+ 40. Kh2
Kg7 41. Rc7+ Nxc7 42. Rxc7+ Kh6 43. Qe3+ g5 44. Nxf6 Qf5 45. Nxe8 Rxe8 46. Rc5
Qf4+ 47. Qxf4 gxf4 48. h4 e5 49. Kh3 e4 50. g4 e3 51. Rc1 exf2 52. Kg2 Rg8 53.
Kf3 Re8 54. Rf1 Re3+ 55. Kxf4 Rh3 56. h5 Ra3 57. Rxf2 Ra4+ 58. Kg3 Ra6 59. Re2
Ra5 60. Kf4 Ra1 61. Re6+ Kg7 62. h6+ Kh7 63. g5 Rf1+ 64. Ke5 Re1+ 65. Kf6 Rf1+
66. Ke5 Re1+ 67. Kd6 Rd1+ 68. Kc7 Rc1+ 69. Rc6 Rg1 70. Rc5 Kg6 71. Kd7 Rd1+ 72.
Ke8 Re1+ 73. Kf8 Re6 74. h7 Kxh7 75. Kf7 Ra6 76. g6+ Rxg6 77. Rh5+ Rh6 {Game
drawn by mutual agreement} 1/2-1/2

[Event "Team 45 45 League T37"]
[Site "Internet Chess Club"]
[Date "2008.04.27"]
[Round "1"]
[White "crag"]
[Black "SoaringEagle"]
[Result "1-0"]
[WhiteElo "1615"]
[BlackElo "1529"]
[Opening "Scandinavian (center counter) defense"]
[ECO "B01"]
[Time "11:30:34"]
[TimeControl "2700+45"]

1. e4 d5 2. exd5 Qxd5 3. Nc3 Qa5 4. Nf3 Nf6 5. Bc4 Bf5 6. O-O e6 7. d4 c6 8. Bd2
Bb4 9. a3 Bd6 10. Re1 O-O 11. Ne4 Qd8 12. Nxd6 Qxd6 13. Bb4 Qd8 14. Bxf8 Qxf8
15. Qd2 Nbd7 16. Rad1 Bg4 17. Be2 Bf5 18. Nh4 Qd6 19. Nxf5 exf5 20. Qb4 Qf8 21.
Qxf8+ Nxf8 22. Bc4 Nd5 23. Bxd5 cxd5 24. Re5 Rd8 25. Rxf5 Ne6 26. Re5 Kf8 27. c3
b5 28. Kf1 g6 29. b3 Rd6 30. a4 f6 31. Ree1 Kf7 32. axb5 {Black resigns} 1-0

[Event "Team 45 45 League T37"]
[Site "Internet Chess Club"]
[Date "2008.04.28"]
[Round "1"]
[White "ollo"]
[Black "houseofcook"]
[Result "1-0"]
[WhiteElo "1689"]
[BlackElo "1456"]
[Opening "French: Labourdonnais variation"]
[ECO "C00"]
[Time "13:01:36"]
[TimeControl "2700+45"]

1. e4 e6 2. f4 Qh4+ 3. g3 Qd8 4. Bg2 Ne7 5. Nc3 c6 6. Nf3 d5 7. d4 g6 8. O-O Bg7
9. Re1 Nd7 10. Qd3 Nb6 11. Ne5 O-O 12. Rb1 Nd7 13. Be3 Nxe5 14. fxe5 Bd7 15. Bg5
Qe8 16. Bf6 Bh6 17. b4 dxe4 18. Nxe4 Nd5 19. c4 Ne7 20. Nd6 Qd8 21. Nxb7 Qe8 22.
Nd6 Qd8 23. b5 Bg7 24. bxc6 Bxc6 25. Bxc6 Rb8 26. Rxb8 Qa5 27. Rxf8+ Bxf8 28.
Re2 Nxc6 29. Ne4 Qb6 30. Rd2 Bh6 31. Bg5 Nxe5 32. Qe2 Bg7 33. c5 Qb1+ 34. Rd1
{Black resigns} 1-0

[Event "Team 45 45 League T37"]
[Site "Internet Chess Club"]
[Date "2008.04.27"]
[Round "1"]
[White "AtomicDog"]
[Black "MrSlippery"]
[Result "0-1"]
[WhiteElo "1331"]
[BlackElo "1312"]
[Opening "Owen defense"]
[ECO "B00"]
[Time "15:13:02"]
[TimeControl "2700+45"]

1. e4 b6 2. d4 Bb7 3. f3 g6 4. c4 Bg7 5. Nc3 e6 6. Be3 Ne7 7. Bd3 O-O 8. Qd2 h6
9. Bxh6 f5 10. Bxg7 Kxg7 11. O-O-O Nbc6 12. Bc2 Na5 13. Qe2 Nc8 14. h4 Rh8 15.
Qf2 Nxc4 16. g3 N8d6 17. exf5 exf5 18. d5 Qf6 19. Rd4 Rae8 20. Nh3 c5 21. Rd3
Nb5 22. Bb3 Ne5 23. Re3 Ba6 24. Bc2 Nd6 25. Rhe1 Ndc4 26. f4 Nxe3 27. Rxe3 Ng4
28. Re6 Rxe6 {White resigns} 0-1

[Event "Team 45 45 League T37"]
[Site "Internet Chess Club"]
[Date "2008.04.27"]
[Round "1"]
[White "reverendjim"]
[Black "conron"]
[Result "0-1"]
[WhiteElo "1153"]
[BlackElo "1339"]
[Opening "Ruy Lopez: closed"]
[ECO "C90"]
[Time "16:59:26"]
[TimeControl "2700+45"]

1. e4 e5 2. Nf3 Nc6 3. Bb5 a6 4. Ba4 Nf6 5. O-O Be7 6. Re1 b5 7. Bb3 d6 8. c3
Bg4 9. d3 Na5 10. Bc2 c5 11. Nbd2 Qc7 12. h3 Bh5 13. g4 Bg6 14. Nf1 h6 15. Ng3
Qd7 16. Nh4 Bh7 17. Nhf5 Bf8 18. Qf3 O-O-O 19. Ne3 d5 20. a4 dxe4 21. Nxe4 Nxe4
22. dxe4 b4 23. Nd5 Qb7 24. b3 bxc3 25. Qxc3 Nc6 26. Be3 Nd4 27. Bxd4 exd4 28.
Qc4 Kb8 29. Rab1 a5 30. Bd3 Rd7 31. f3 Bd6 32. e5 Bxd3 33. Qxd3 Qxd5 34. Qb5+
Rb7 35. Qxa5 Bxe5 36. b4 Rc8 37. Kg2 Qa2+ 38. Kf1 Bg3 39. Red1 {White resigns}
0-1

[Event "Team 45 45 League T37"]
[Site "Internet Chess Club"]
[Date "2008.04.27"]
[Round "1"]
[White "Fogbound"]
[Black "NXS"]
[Result "1/2-1/2"]
[WhiteElo "1314"]
[BlackElo "1420"]
[Opening "Queen's pawn, Mason variation"]
[ECO "D00"]
[Time "13:10:14"]
[TimeControl "2700+45"]

1. d4 d5 2. Bf4 Nf6 3. e3 Bf5 4. Nf3 e6 5. Bd3 Bxd3 6. Qxd3 Nbd7 7. O-O Be7 8.
Ne5 O-O 9. Nd2 Nh5 10. Bg3 Nxg3 11. fxg3 Nxe5 12. dxe5 c6 13. Nf3 f6 14. Nd4 Qd7
15. Nf3 Qc7 16. Qd4 f5 17. Qd3 c5 18. Qc3 b5 19. a3 Qb6 20. Kh1 a5 21. Qd2 b4
22. axb4 axb4 23. Qd3 c4 24. Qd4 Bc5 25. Qh4 h6 26. Qh5 Be7 27. Nd4 Bc5 28. Qg6
Rae8 29. Ra7 Qxa7 30. Nxe6 Rxe6 31. Qxe6+ Qf7 32. Qc6 Bxe3 33. e6 Qe7 34. Qxd5
Qc5 35. Qd7 Qc8 36. Qd5 Kh8 37. h4 Re8 38. Qxf5 Qxe6 39. Qb5 Bd2 40. Qh5 Qe5 41.
Qf3 Qc5 42. Qf7 Qb5 43. Qf2 c3 44. b3 Be3 45. Qf3 Bd4 46. Qf7 Bf6 47. Rxf6 Re1+
48. Kh2 gxf6 49. Qxf6+ Kh7 50. Qf7+ Kh8 51. Qf6+ Kh7 52. Qf7+ Kh8 53. Qf6+ {Game
drawn by repetition} 1/2-1/2

[Event "Team 45 45 League T37"]
[Site "Internet Chess Club"]
[Date "2008.04.27"]
[Round "1"]
[White "kinchknifeblade"]
[Black "jschneigi"]
[Result "1-0"]
[WhiteElo "1333"]
[BlackElo "1231"]
[Opening "Queen's pawn game"]
[ECO "E20"]
[Time "21:42:29"]
[TimeControl "2700+45"]

1. d4 Nf6 2. c4 e6 3. Nc3 b6 4. e4 Bb4 5. Bd3 Bxc3+ 6. bxc3 d6 7. Bg5 e5 8. Ne2
Bg4 9. f3 Bh5 10. O-O O-O 11. Ng3 Bg6 12. f4 h6 13. Bxf6 Qxf6 14. fxe5 Qe6 15.
exd6 Qxd6 16. e5 Qe6 17. Bxg6 Qxg6 18. Qh5 Qd3 19. Nf5 Qxc4 20. Ne7+ Kh7 21.
Qf5+ g6 22. Nxg6 fxg6 23. Qxf8 Qg8 24. Rf7+ Kh8 25. Qxh6+ {Black resigns} 1-0

[Event "Team 45 45 League T37"]
[Site "Internet Chess Club"]
[Date "2008.04.27"]
[Round "1"]
[White "klt713"]
[Black "knight2f3"]
[Result "0-1"]
[WhiteElo "1180"]
[BlackElo "1417"]
[Opening "English: symmetrical, Benoni formation"]
[ECO "A31"]
[Time "14:01:40"]
[TimeControl "2700+45"]

1. d4 Nf6 2. c4 c5 3. Nf3 cxd4 4. Nxd4 d6 5. Nf3 e6 6. Nc3 b6 7. e4 Nbd7 8. Be2
Bb7 9. Bg5 a6 10. O-O Be7 11. Bd3 O-O 12. Re1 Qc7 13. Qc2 Rac8 14. Re2 Bd8 15.
Rae1 Ng4 16. h3 Nge5 17. Bxd8 Nxf3+ 18. gxf3 Qxd8 19. f4 Qh4 20. Re3 Qxf4 21.
Ne2 Qh4 22. Rg3 Rc5 23. Kh2 Rh5 24. Reg1 g6 25. Qc3 Ne5 26. Bc2 d5 27. f4 Nxc4
28. exd5 Bxd5 29. b3 Nd6 30. Qe3 Nf5 31. Qxb6 Nxg3 {White forfeits on time} 0-1

[Event "Team 45 45 League T37"]
[Site "Internet Chess Club"]
[Date "2008.04.28"]
[Round "1"]
[White "SeniorCitizen"]
[Black "Graybeard"]
[Result "1-0"]
[WhiteElo "1399"]
[BlackElo "1204"]
[Opening "Danish gambit"]
[ECO "C21"]
[Time "10:01:32"]
[TimeControl "2700+45"]

1. e4 e5 2. d4 exd4 3. c3 Qe7 4. Bd3 Nc6 5. Nf3 Ne5 6. O-O Nxf3+ 7. Qxf3 Qf6 8.
Qxf6 Nxf6 9. cxd4 d6 10. Nc3 c6 11. Bg5 Be7 12. Bxf6 Bxf6 13. e5 dxe5 14. dxe5
Be7 15. Rfe1 Be6 16. f4 f5 17. exf6 Bc5+ 18. Kh1 Kf7 19. f5 Bd7 20. Bc4+ Kf8 21.
Be6 Rd8 22. Rad1 Bxe6 23. Rxd8+ Kf7 24. fxe6+ Kxf6 25. Rxh8 Kg6 26. e7 Bxe7 27.
Rxe7 {Black resigns} 1-0

[Event "Team 45 45 League T37"]
[Site "Internet Chess Club"]
[Date "2008.04.28"]
[Round "1"]
[White "scar99"]
[Black "john-beebs"]
[Result "0-1"]
[WhiteElo "1307"]
[BlackElo "1548"]
[Opening "Scotch game"]
[ECO "C45"]
[Time "13:01:17"]
[TimeControl "2700+45"]

1. e4 e5 2. Nf3 Nc6 3. d4 exd4 4. Nxd4 Bc5 5. Be3 Bb6 6. Nxc6 bxc6 7. Qd2 d5 8.
e5 Ne7 9. Bd3 O-O 10. O-O c5 11. Na3 a6 12. c3 Nc6 13. f4 d4 14. Bf2 Bb7 15.
Rad1 Qd5 16. Bc4 Qd7 17. Qe2 Rfe8 18. Bd3 Ne7 19. Qh5 Ng6 20. Rde1 dxc3 21. Rd1
Qc6 22. Qg4 cxb2 23. f5 Nxe5 24. Qh3 Nxd3 25. Rxd3 Rad8 26. Rg3 Qf6 27. Rxg7+
Qxg7 28. f6 Qg6 29. Be3 Rxe3 {White resigns} 0-1

[Event "Team 45 45 League T37"]
[Site "Internet Chess Club"]
[Date "2008.04.25"]
[Round "1"]
[White "curtintime"]
[Black "AndersO"]
[Result "1-0"]
[WhiteElo "1396"]
[BlackElo "1432"]
[Opening "Scandinavian (center counter) defense"]
[ECO "B01"]
[Time "19:01:46"]
[TimeControl "2700+45"]

1. e4 d5 2. exd5 Qxd5 3. Nc3 Qa5 4. Nf3 Nf6 5. d3 c6 6. Bd2 Qc7 7. Be2 Bg4 8. h3
Bh5 9. g4 Bg6 10. g5 Nh5 11. Nd4 e5 12. Nb3 Nf4 13. Bxf4 exf4 14. Bf3 Qe5+ 15.
Qe2 Qxe2+ 16. Nxe2 Bd6 17. O-O-O Nd7 18. h4 f6 19. h5 Bf7 20. gxf6 Nxf6 21. h6
g6 22. Kb1 g5 23. Rdg1 Rg8 24. Nbd4 Bc5 25. Rg2 g4 26. Bxg4 Rxg4 27. Rxg4 Nxg4
28. Rh4 f3 29. Nxf3 Nf6 30. d4 Bd6 31. Ne5 Bxe5 32. dxe5 Rd8 33. exf6 Rd1+ 34.
Nc1 Rf1 35. Re4+ Kf8 36. f4 Rh1 37. Re7 Rxh6 38. Rxb7 Rxf6 39. Rxa7 Rxf4 40. Rc7
Bd5 41. Rxh7 Rf1 42. a4 Ke8 43. a5 Rf4 44. b3 Rb4 45. Kb2 Rb5 46. a6 Ra5 47. a7
c5 48. Nd3 Bf7 49. Rh8+ Kd7 50. a8=Q {Black resigns} 1-0

[Event "Team 45 45 League T37"]
[Site "Internet Chess Club"]
[Date "2008.04.29"]
[Round "1"]
[White "Pickle"]
[Black "slakkjaw"]
[Result "0-1"]
[WhiteElo "1352"]
[BlackElo "1257"]
[Opening "Two knights defense"]
[ECO "C58"]
[Time "22:10:45"]
[TimeControl "2700+45"]

1. e4 e5 2. Bc4 Nf6 3. Nf3 Nc6 4. Ng5 d5 5. exd5 Na5 6. Bb5+ Bd7 7. Qe2 Bd6 8.
Nc3 O-O 9. O-O a6 10. Bc4 Nxc4 11. Qxc4 b5 12. Qh4 Be7 13. Nce4 h6 14. Nxf6+
Bxf6 15. Nxf7 Bxh4 16. Nxd8 Raxd8 17. g3 Bf6 18. d3 Bf5 19. f4 Rxd5 20. Be3 e4
21. dxe4 Bxe4 22. Rad1 Rfd8 23. Rxd5 Rxd5 24. c3 c5 25. b4 cxb4 26. cxb4 Bd4 27.
Bxd4 Rxd4 28. a3 Kf7 29. Kf2 Bf5 30. Ke2 Bd3+ 31. Ke3 Bxf1 32. Kxd4 Ke6 33. Kc5
Kf5 34. Kb6 Ke4 35. Kxa6 Kd4 36. Kb7 Ke4 37. Kc7 Kf5 38. Kd7 g5 39. Ke7 gxf4 40.
Kf7 f3 41. Kg7 Kg4 42. Kxh6 Kh3 43. Kg5 Be2 44. Kf4 Kxh2 45. g4 f2 46. g5 f1=Q+
{White resigns} 0-1

[Event "Team 45 45 League T37"]
[Site "Internet Chess Club"]
[Date "2008.04.26"]
[Round "1"]
[White "Prop"]
[Black "t-hobbes"]
[Result "1-0"]
[WhiteElo "1332"]
[BlackElo "1310"]
[Opening "two knights defense: Ulvestad variation"]
[ECO "C57"]
[Time "13:06:41"]
[TimeControl "2700+45"]

1. e4 e5 2. Bc4 Nf6 3. Nf3 Nc6 4. Ng5 d5 5. exd5 b5 6. Nxf7 Kxf7 7. Bxb5 Qxd5 8.
Bxc6 Qxc6 9. O-O Bb7 10. Qf3 Qxf3 11. gxf3 Bxf3 12. d3 Bd6 13. Nd2 Bc6 14. Nc4
Rhf8 15. Re1 Ng4 16. h3 Nxf2 17. Kxf2 Bc5+ 18. Ke2 Kg8 19. Be3 Bf3+ 20. Kd2 Bb4+
21. c3 Be7 22. Nxe5 Bg2 23. Bd4 Bg5+ 24. Be3 Bh4 25. Re2 Rab8 26. b4 Bf1 27.
Ree1 Bxe1+ 28. Rxe1 Bxh3 29. Nc6 Ra8 30. Nxa7 Rf6 31. b5 Bd7 32. a4 Rg6 33. c4
Rg2+ 34. Re2 Rg6 35. a5 Bf5 36. b6 cxb6 37. axb6 Rb8 38. c5 Rd8 39. d4 Be4 40.
Bf4 Rxd4+ 41. Kc3 Rd3+ 42. Kc4 Re6 43. Rxe4 Rxe4+ 44. Kxd3 Rxf4 45. b7 Rf8 46.
Nc6 Kf7 47. b8=Q Rxb8 48. Nxb8 Ke7 49. Ke4 h5 50. Nc6+ Kd7 51. Kd5 h4 52. Ne5+
Kc7 53. Nf3 h3 54. c6 g5 55. Nh2 Kd8 56. Kd6 Kc8 57. c7 g4 58. Nxg4 Kb7 59. Kd7
{Black resigns} 1-0

[Event "Team 45 45 League T37"]
[Site "Internet Chess Club"]
[Date "2008.04.26"]
[Round "1"]
[White "werty"]
[Black "Glassywoman"]
[Result "1-0"]
[WhiteElo "1465"]
[BlackElo "1386"]
[Opening "Queen's pawn, Mason variation"]
[ECO "D00"]
[Time "09:23:49"]
[TimeControl "2700+45"]

1. d4 d5 2. Bf4 e6 3. e3 Bd6 4. Bg3 Bxg3 5. hxg3 a6 6. Bd3 Nf6 7. c3 Ne4 8. Nd2
Nxf2 9. Kxf2 Qf6+ 10. Qf3 Qxf3+ 11. gxf3 h6 12. Ne2 Nc6 13. e4 Bd7 14. Rac1
O-O-O 15. b4 Na7 16. e5 Kb8 17. Ra1 Nc8 18. a4 Na7 19. Rhb1 Nc8 20. Nb3 Nb6 21.
b5 Ka7 22. Nc5 Nc4 23. Bxc4 dxc4 24. Nxd7 Rxd7 25. bxa6 bxa6 26. Rb4 f6 27. exf6
gxf6 28. Rab1 c6 29. Rxc4 Rd6 30. Rcb4 Rh7 31. R1b2 h5 32. Nf4 f5 33. Kg2 h4 34.
gxh4 Rxh4 35. Rb7+ {Black resigns} 1-0

[Event "Team 45 45 League T37"]
[Site "Internet Chess Club"]
[Date "2008.04.29"]
[Round "1"]
[White "Kalar-Yadwa"]
[Black "bjc"]
[Result "1-0"]
[WhiteElo "1355"]
[BlackElo "1328"]
[Opening "King's Indian: orthodox, 7...Nbd7"]
[ECO "E94"]
[Time "14:45:04"]
[TimeControl "2700+45"]

1. d4 Nf6 2. c4 g6 3. Nc3 Bg7 4. e4 d6 5. Nf3 O-O 6. Be2 Nbd7 7. O-O e5 8. d5
Ng4 9. h3 Nh6 10. b4 b6 11. Be3 f5 12. Qd2 f4 13. Bxf4 Rxf4 14. g3 Rf7 15. Ng5
Re7 16. Ne6 Qe8 17. Nxc7 Qf7 18. Nxa8 Nf6 19. Nb5 Nxe4 20. Qe3 Ng5 21. Qxg5 Nf5
22. Qd2 Qf6 23. Bd3 Bh6 24. Qe1 Bb7 25. Nac7 a6 26. Bxf5 gxf5 27. Ne6 axb5 28.
Qe2 Qg6 29. Kh2 Bc8 30. Rad1 Bxe6 31. dxe6 Rxe6 32. c5 bxc5 33. bxc5 dxc5 34.
Qxb5 Bg7 35. Rd8+ Kf7 36. Qxc5 h5 37. Qc7+ Kf6 38. Rd6 h4 39. Qd8+ Kf7 40. Rd7+
Re7 41. Qxe7+ Kg8 42. Rd8+ Kh7 43. Qxh4+ Bh6 44. Rd7+ Kg8 45. Rb1 f4 46. Rb8+
Bf8 47. gxf4 exf4 48. Qg4 Qxg4 49. hxg4 f3 50. a4 Kh8 51. a5 {Black resigns} 1-0

[Event "Team 45 45 League T37"]
[Site "Internet Chess Club"]
[Date "2008.04.28"]
[Round "1"]
[White "Werzy"]
[Black "JustinZ"]
[Result "1-0"]
[WhiteElo "1344"]
[BlackElo "1240"]
[Opening "Two knights defense"]
[ECO "C59"]
[Time "21:23:16"]
[TimeControl "2700+45"]

1. e4 e5 2. Nf3 Nc6 3. Bc4 Nf6 4. Ng5 d5 5. exd5 Na5 6. Bb5+ c6 7. dxc6 bxc6 8.
Be2 Be7 9. O-O Nd5 10. Nf3 Nf4 11. Nxe5 Qd5 12. Nf3 Bg4 13. d4 Bxf3 14. Bxf3 Qg5
15. g3 Nh3+ 16. Kg2 Qf5 17. Bg4 Nxf2 18. Rxf2 Qd5+ 19. Bf3 Qd6 20. Bf4 Qg6 21.
d5 Rd8 22. Re2 Rd7 23. Qe1 Qf6 24. Qxa5 {Black resigns} 1-0